 Dungeon Crawl Stone Soup version 0.23-a0-171-g5ae17c6e89 (webtiles) character file.

1814 Ablot the Charmwright (level 9, -8/69 HPs)
             Began as a Gnoll Skald on Sept 13, 2018.
             Mangled by a troll (18 damage)
             ... on level 6 of the Dungeon.
             The game lasted 00:16:21 (7157 turns).

Ablot the Charmwright (Gnoll Skald)                 Turns: 7157, Time: 00:16:21

Health: -8/69      AC:  4    Str: 17    XL:     9   Next: 10%
Magic:  12/18      EV: 15    Int: 15    God:
Gold:   99         SH:  0    Dex: 15    Spells: 9/20 levels left

rFire    + . .     SeeInvis .   a - +0 spear
rCold    . . .     Gourm    +   (no shield)
rNeg     . . .     Faith    .   b - +0 leather armour
rPois    .         Spirit   .   (no helmet)
rElec    .         Reflect  .   j - +0 cloak
rCorr    .         Harm     .   (no gloves)
MR       .....                  (no boots)
Stlth    +.........             x - amulet of the gourmand
HPRegen  0.21/turn              F - ring of protection from fire
MPRegen  0.16/turn              (no ring)

@: confused, shrouded
A: distributed training, fangs 1, strong nose
a: no special abilities


You were on level 6 of the Dungeon.
You were very full.

You visited 1 branch of the dungeon, and saw 7 of its levels.
You also visited: Sewer.

You collected 290 gold pieces.
You spent 191 gold pieces at shops.

Inventory:

Hand Weapons
 a - a +0 spear (weapon)
 f - a +0 hunting sling
Missiles
 c - 109 arrows
 e - 49 bolts
 g - 96 sling bullets
 m - 160 stones
 s - 4 javelins (quivered)
 D - 9 poisoned needles
Armour
 b - a +0 leather armour (worn)
 j - a +0 cloak (worn)
Jewellery
 x - an amulet of the gourmand (around neck)
 F - a ring of protection from fire (left hand)
Scrolls
 h - 5 scrolls of teleportation
 i - 2 scrolls of magic mapping {unknown}
 k - 3 scrolls of remove curse
 n - 5 scrolls of identify
 o - 2 scrolls of blinking {unknown}
 p - 2 scrolls of fear
 r - 2 scrolls of amnesia {unknown}
 t - a scroll of enchant weapon {unknown}
 w - 3 scrolls of noise {unknown}
 y - a scroll of vulnerability {unknown}
 C - 2 scrolls of enchant armour
 E - 2 scrolls of immolation
Potions
 l - 2 potions of curing
 q - a potion of degeneration {unknown}
 u - a potion of mutation {unknown}
 v - a potion of might {unknown}
 A - a potion of flight {unknown}
 B - a potion of ambrosia
 G - a potion of heal wounds {unknown}
 H - 2 potions of brilliance {unknown}
Comestibles
 d - 8 rations


   Skills:
 + Level 6.0 Fighting
 + Level 3.8 Short Blades
 + Level 3.8 Long Blades
 + Level 3.8 Axes
 + Level 3.8 Maces & Flails
 + Level 6.0 Polearms
 + Level 3.8 Staves
 + Level 3.8 Slings
 + Level 3.8 Bows
 + Level 3.8 Crossbows
 + Level 3.8 Throwing
 + Level 4.7 Armour
 + Level 6.0 Dodging
 + Level 3.8 Stealth
 + Level 3.8 Shields
 + Level 3.8 Unarmed Combat
 + Level 6.3 Spellcasting
 + Level 3.1 Conjurations
 + Level 3.1 Hexes
 + Level 6.3 Charms
 + Level 3.1 Summonings
 + Level 3.1 Necromancy
 + Level 3.1 Translocations
 + Level 3.1 Transmutations
 + Level 3.1 Fire Magic
 + Level 3.1 Ice Magic
 + Level 3.1 Air Magic
 + Level 3.1 Earth Magic
 + Level 3.1 Poison Magic
 + Level 4.2 Invocations
 + Level 3.8 Evocations


You had 9 spell levels left.
You knew the following spells:

 Your Spells              Type           Power        Failure   Level  Hunger
a - Infusion              Chrm           ###.         1%          1    None
b - Song of Slaying       Chrm           ###.....     1%          2    #......
c - Shroud of Golubria    Chrm/Tloc      ###.......   3%          2    #......
d - Regeneration          Chrm/Necr      ###.......   7%          3    ##.....
e - Spectral Weapon       Hex/Chrm       ###.....     7%          3    ##.....

Your spell library contained the following spells:

 Spells                   Type           Power        Failure   Level  Hunger
 Iskenderun's Battlesphe  Conj/Chrm      ###.....     54%         5    ######.
 Bolt of Magma            Conj/Fire/Erth ##........   77%         5    ######.
 Venom Bolt               Conj/Pois      ##........   77%         5    ######.
 Iron Shot                Conj/Erth      ##........   100%        6    #######
 Haunt                    Necr/Summ      ##........   100%        7    #######
 Orb of Destruction       Conj           ##........   100%        7    #######
 Spellforged Servitor     Conj/Summ      ##........   100%        7    #######
 Borgnjor's Revivificati  Necr           ##........   100%        8    #######
 Death's Door             Chrm/Necr      ###.......   100%        8    #######
 Infestation              Necr           ##........   100%        8    #######
 Necromutation            Tmut/Necr      ##........   100%        8    #######


Dungeon Overview and Level Annotations

Branches:
Dungeon (7/15)
 Temple: D:4-7

Altars:
Makhleb
Nemelex Xobeh

Shops:
D:5 ?

Annotations:
D:6 exclusion: 3 slaves


Innate Abilities, Weirdness & Mutations

Your experience applies equally to all skills.
You have very sharp teeth.
Your uncanny sense of smell can sniff out nearby items.


Message History

Space distorts slightly along a thin shroud covering your body.
The troll bites you but does no damage. The troll barely misses you.
Your shroud bends the troll's attack away!
Unknown command.
Your skin stops crawling.
The troll bites your spectral weapon!!
Your spectral weapon shares its damage with you!
Your spectral weapon fades away.
* * * LOW HITPOINT WARNING * * *
Found a runed rapier.
Casting: Shroud of Golubria (safe; 3% risk of failure)
Confirm with . or Enter, or press ? or * to list all spells.
You renew your shroud.
Unknown command.
It was a potion of ambrosia.
You are confused.
You feel invigorated. The troll bites you but does no damage.
The troll completely misses you. The troll barely misses you.
You bump into the rock wall.
The troll bites you!!
You die...

#............>.........
#.>...####.............
#.....# #.......##....
#.....# #.............
#.....## #......##.#...
#####..# #########.....
##.# #..... #T# ##....
#@# #.... #.# #.... #.#
##... #.# ##.. #.# # ∆
##. #.. #. . #. )..


pp. p..#####. ... ...........## ..... ##.... You could see a troll.

Vanquished Creatures
  An ice beast (D:6)
  An orc warrior (D:6)
  2 ogres
  A centaur (D:7)
  5 bullfrogs
  2 howler monkeys
  4 crimson imps
  2 hounds (D:5)
  An orc priest (D:4)
  4 orc wizards
  2 centaur skeletons (D:6)
  3 iguanas
  Jessica (D:2)
  Terence (D:2)
  Natasha (thrice) (D:2)
  A worker ant (D:7)
  A worker ant zombie (D:5)
  9 adders
  13 gnolls
  2 shadow imps
  2 oozes (D:3)
  An adder skeleton (D:3)
  An adder zombie (D:6)
  2 worms (D:2)
  A dart slug (D:2)
  6 leopard geckos
  12 orcs
  12 giant cockroaches
  6 goblins
  10 hobgoblins
  7 kobolds
  A quokka (D:7)
  2 ball pythons
  4 bats
  11 frilled lizards
  2 jackal skeletons
  A leopard gecko skeleton (D:5)
  10 rats
150 creatures vanquished.

Vanquished Creatures (others)
  5 spectral weapons
5 creatures vanquished.

Grand Total: 155 creatures vanquished

Notes
Turn   | Place    | Note
-------+----------+-------------------------------------------
     0 | D:1      | Ablot the Gnoll Skald began the quest for the Orb.
     0 | D:1      | Reached XP level 1. HP: 20/20 MP: 6/6
   172 | D:1      | Reached XP level 2. HP: 26/26 MP: 7/7
   176 | D:1      | Learned a level 2 spell: Song of Slaying
   179 | D:1      | Learned a level 2 spell: Shroud of Golubria
   567 | D:1      | Reached skill level 5 in Spellcasting
   567 | D:1      | Reached XP level 3. HP: 26/31 MP: 7/9
  1162 | D:2      | Noticed Terence
  1164 | D:2      | Reached skill level 1 in Invocations
  1184 | D:2      | Noticed Jessica
  1185 | D:2      | Killed Terence
  1185 | D:2      | Reached skill level 1 in Short Blades
  1185 | D:2      | Reached skill level 1 in Long Blades
  1185 | D:2      | Reached skill level 1 in Axes
  1185 | D:2      | Reached skill level 1 in Maces & Flails
  1185 | D:2      | Reached skill level 1 in Staves
  1185 | D:2      | Reached skill level 1 in Slings
  1185 | D:2      | Reached skill level 1 in Bows
  1185 | D:2      | Reached skill level 1 in Crossbows
  1185 | D:2      | Reached skill level 1 in Throwing
  1185 | D:2      | Reached skill level 1 in Stealth
  1185 | D:2      | Reached skill level 1 in Shields
  1185 | D:2      | Reached skill level 1 in Unarmed Combat
  1185 | D:2      | Reached skill level 1 in Evocations
  1185 | D:2      | Reached XP level 4. HP: 23/38 MP: 4/11
  1195 | D:2      | Killed Jessica
  1195 | D:2      | Reached skill level 1 in Conjurations
  1195 | D:2      | Reached skill level 1 in Hexes
  1195 | D:2      | Reached skill level 1 in Summonings
  1195 | D:2      | Reached skill level 1 in Necromancy
  1195 | D:2      | Reached skill level 1 in Translocations
  1195 | D:2      | Reached skill level 1 in Transmutations
  1195 | D:2      | Reached skill level 1 in Fire Magic
  1195 | D:2      | Reached skill level 1 in Ice Magic
  1195 | D:2      | Reached skill level 1 in Air Magic
  1195 | D:2      | Reached skill level 1 in Earth Magic
  1195 | D:2      | Reached skill level 1 in Poison Magic
  1214 | D:2      | Learned a level 3 spell: Regeneration
  1218 | D:2      | Learned a level 3 spell: Spectral Weapon
  1468 | D:2      | Noticed Natasha
  1481 | D:2      | Killed Natasha
  1481 | D:2      | Reached XP level 5. HP: 34/43 MP: 6/12
  1976 | D:2      | Noticed Natasha
  1988 | D:2      | Killed Natasha
  2161 | D:2      | Noticed Natasha
  2177 | D:2      | HP: 2/43 [Natasha (6)]
  2178 | D:2      | Killed Natasha
  2178 | D:2      | Reached XP level 6. HP: 3/50 MP: 8/13
  2940 | D:3      | Found a glowing drain.
  2954 | Sewer    | Entered a sewer
  3064 | Sewer    | Reached skill level 5 in Fighting
  3064 | Sewer    | Reached skill level 5 in Polearms
  3064 | Sewer    | Reached skill level 5 in Dodging
  3279 | Sewer    | Reached XP level 7. HP: 46/56 MP: 10/15
  4654 | D:5      | Entered Level 5 of the Dungeon
  5099 | D:5      | Found a burning altar of Makhleb.
  5272 | D:5      | Reached XP level 8. HP: 63/63 MP: 16/16
  5377 | D:5      | Found Narhouq's Magic Scroll Emporium.
  5391 | D:5      | Bought a scroll of fear for 38 gold pieces
  5391 | D:5      | Bought a scroll of teleportation for 33 gold pieces
  5391 | D:5      | Bought a scroll of enchant armour for 82 gold pieces
  5391 | D:5      | Bought a scroll of immolation for 38 gold pieces
  6236 | D:6      | Found a sparkling altar of Nemelex Xobeh.
  6773 | D:7      | Reached XP level 9. HP: 26/69 MP: 16/18
  6816 | D:7      | Noticed a troll
  7144 | D:6      | HP: 3/69 [troll (12)]
  7151 | D:6      | HP: 1/69 [troll (4)]
  7157 | D:6      | Mangled by a troll

Vault maps used:
D:1:      minmay_arrival_split_and_join
D:2:      uniq_natasha, uniq_terence, uniq_jessica
D:3:      serial_corexii_hall, corexii_hall_statues_i, corexii_hall_statues_x,
          corexii_hall_statues_x, gup_sewer_entry_bubbles,
          hangedman_abyss_or_decor_lesser_grid, corexii_hall_statues_t
D:5:      makhleb_heckhound_becter, serial_shops, shop_statue, first_ration
D:6:      nemelex_xobeh_ov_fountains_minmay, uniq_pikel
D:7:      old_standard_altar, lemuel_temple_firewalk_a
Sewer:    sewer_frog_island_01

Skill      XL: |  1  2  3  4  5  6  7  8  9 |
---------------+----------------------------+-----
Spellcasting   | 5 6 |  6.3
Invocations    | 1 2 3 4 |  4.2
Short Blades   | 1 2 3 |  3.8
Long Blades    | 1 2 3 |  3.8
Axes           | 1 2 3 |  3.8
Maces & Flails | 1 2 3 |  3.8
Staves         | 1 2 3 |  3.8
Slings         | 1 2 3 |  3.8
Bows           | 1 2 3 |  3.8
Crossbows      | 1 2 3 |  3.8
Throwing       | 1 2 3 |  3.8
Stealth        | 1 2 3 |  3.8
Shields        | 1 2 3 |  3.8
Unarmed Combat | 1 2 3 |  3.8
Evocations     | 1 2 3 |  3.8
Conjurations   | 1 2 3 |  3.1
Hexes          | 1 2 3 |  3.1
Summonings     | 1 2 3 |  3.1
Necromancy     | 1 2 3 |  3.1
Translocations | 1 2 3 |  3.1
Transmutations | 1 2 3 |  3.1
Fire Magic     | 1 2 3 |  3.1
Ice Magic      | 1 2 3 |  3.1
Air Magic      | 1 2 3 |  3.1
Earth Magic    | 1 2 3 |  3.1
Poison Magic   | 1 2 3 |  3.1
Armour         | 3 4 |  4.7
Fighting       | 5 6 |  6.0
Polearms       | 5 6 |  6.0
Dodging        | 5 6 |  6.0
Charms         | 6 |  6.3

Action                   |  1- 3 |  4- 6 |  7- 9 || total
-------------------------+-------+-------+-------++-------
Melee: Spear             |   153 |   276 |   462 ||   891
       Bite              |    21 |    23 |    52 ||    96
       Punch             |       |     1 |     4 ||     5
 Cast: Shroud of Golubri |     2 |    13 |    28 ||    43
       Infusion          |     1 |     1 |     2 ||     4
       Regeneration      |       |     9 |    21 ||    30
       Song of Slaying   |       |     3 |     7 ||    10
       Spectral Weapon   |       |     4 |    16 ||    20
  Use: Scroll            |       |       |     4 ||     4
       Potion            |       |       |     3 ||     3
 Stab: Sleeping          |     2 |     2 |     5 ||     9
       Distracted        |       |       |     1 ||     1
  Eat: Chunk             |       |    22 |    16 ||    38
Armor: Leather armour    |    23 |    45 |    56 ||   124
Dodge: Dodged            |    63 |   154 |   300 ||   517

Table legend:
 A = Non-vault XP
 B = Vault XP
 C = Vault XP percentage of total XP
 D = Non-vault monster count
 E = Vault monster count
 F = Vault count percentage of total count
                 A         B        C        D         E       F
            +---------+---------+-------+---------+---------+-------
      Total |    2164 |     428 |  16.5 |     120 |      30 |  20.0
            +---------+---------+-------+---------+---------+-------
        D:1 |      51 |       0 |   0.0 |      25 |       0 |   0.0
        D:2 |     188 |     108 |  36.5 |      22 |       3 |  12.0
        D:3 |     143 |      39 |  21.4 |      20 |       8 |  28.6
        D:4 |     141 |       0 |   0.0 |       8 |       0 |   0.0
        D:5 |     525 |      42 |   7.4 |      15 |       1 |   6.2
        D:6 |     764 |       0 |   0.0 |      20 |       0 |   0.0
        D:7 |     352 |       0 |   0.0 |      10 |       0 |   0.0
      Sewer |       0 |     239 | 100.0 |       0 |      18 | 100.0
            +---------+---------+-------+---------+---------+-------
